 Dungeon Crawl Stone Soup version 0.24-a0-699-g5a66b1aa3b (webtiles) character file.

Game seed: 4912241713059736819, levelgen mode: deterministic

2415 MisterOstroum the Vexing (level 9, 0/68 HPs)
             Began as a Human Enchanter on Sept 28, 2019.
             Was a Follower of Vehumet.
             Slain by Joseph
             ... wielding a +0 quarterstaff
              (9 damage)
             ... on level 7 of the Dungeon on Sept 29, 2019.
             The game lasted 00:29:16 (9739 turns).

MisterOstroum the Vexing (Human Enchanter)          Turns: 9739, Time: 00:29:16

Health: 0/68       AC:  4    Str: 11    XL:     9   Next: 76%
Magic:  2/13       EV: 12    Int: 16    God:    Vehumet [*.....]
Gold:   236        SH:  0    Dex: 14    Spells: 3/14 levels left

rFire    + . .     SeeInvis .   a - +0 dagger (venom)
rCold    . . .     Gourm    .   (no shield)
rNeg     . . .     Faith    .   B - +2 robe {rF+}
rPois    .         Spirit   .   (no helmet)
rElec    .         Reflect  .   (no cloak)
rCorr    .         Harm     .   (no gloves)
MR       +....                  (no boots)
Stlth    +++.......             (no amulet)
HPRegen  0.21/turn              q - ring of protection from magic
MPRegen  0.13/turn              u - ring of wizardry

@: no status effects
A: no striking features
a: Renounce Religion


You were on level 7 of the Dungeon.
You worshipped Vehumet.
Vehumet was aware of your devotion.
You were hungry.

You visited 1 branch of the dungeon, and saw 7 of its levels.

You collected 356 gold pieces.
You spent 120 gold pieces at shops.

Inventory:

Hand Weapons
 a - a +0 dagger of venom (weapon)
 b - a +0 rapier
 G - a +1 hunting sling of flaming
 H - a +0 whip of flaming
 J - a +1 spear of venom
 Q - the cursed +0 long sword "Zusisan" {vamp, rPois rC+ Str+5, unknown}
   (You found it on level 6 of the Dungeon)

   It inflicts no extra harm, but heals its wielder when it wounds a living foe.
   It affects your strength (+5).
   It protects you from cold.
   It protects you from poison.
   It has a curse placed upon it.
Missiles
 g - 56 sling bullets
 h - 245 stones
 o - 41 poisoned darts (quivered)
Armour
 f - a +0 large shield
 p - a +0 leather armour
 x - a +0 plate armour
 B - a +2 robe of fire resistance (worn)
 M - a +3 leather armour of magic resistance
Jewellery
 q - a ring of protection from magic (left hand)
 u - a ring of wizardry (right hand)
 y - an uncursed ring of protection from fire
 A - an uncursed ring of protection from cold
 P - an uncursed amulet of rage {unknown}
Wands
 c - a wand of polymorph (3)
 k - a wand of digging (4)
 O - a wand of clouds (3)
Scrolls
 d - a scroll of amnesia {unknown}
 j - a scroll of enchant weapon {unknown}
 l - 3 scrolls of noise {unknown}
 m - 10 scrolls of identify {@r1}
 r - 4 scrolls of teleportation {@r3 !r}
 s - 5 scrolls of remove curse {@r2}
 v - a scroll of random uselessness {unknown}
 D - a scroll of enchant armour {unknown}
 E - 2 scrolls of magic mapping {@r5 !r}
 F - 2 scrolls of fear {!r}
 K - a scroll of immolation {unknown}
Potions
 i - a potion of mutation {unknown}
 n - 2 potions of lignification {@q6}
 t - 2 potions of invisibility {unknown}
 w - 4 potions of curing {@q1 !q}
 z - a potion of experience {unknown}
 C - a potion of degeneration {unknown}
 I - a potion of resistance {unknown}
 L - a potion of heal wounds {unknown}
 R - a potion of flight {unknown}
Comestibles
 e - 13 rations
 N - 5 chunks of flesh


   Skills:
 - Level 5.0 Fighting
 - Level 5.0 Short Blades
 - Level 0.4 Throwing
 - Level 3.2 Armour
 - Level 2.0 Dodging
 - Level 6.0 Stealth
 - Level 3.1 Spellcasting
 - Level 2.5 Conjurations
 * Level 6.3 Hexes
 - Level 4.0 Ice Magic


You had 3 spell levels left.
You knew the following spells:

 Your Spells              Type           Power        Failure   Level  Hunger
a - Corona                Hex            ###....      1%          1    #......
b - Ensorcelled Hibernat  Hex/Ice        ###...       1%          2    ##.....
c - Confuse               Hex            ###.....     1%          3    ###....
d - Tukima's Dance        Hex            ###.....     1%          3    ###....
e - Freeze                Ice            ###.         1%          1    #......
f - Magic Dart            Conj           ##..         2%          1    #......

Your spell library contained the following spells:

 Spells                   Type           Power        Failure   Level  Hunger
 Throw Frost              Conj/Ice       ##....       2%          2    ##.....
 Dazzling Spray           Conj/Hex       ###...       3%          3    ###....
 Ozocubu's Armour         Chrm/Ice       #.......     10%         3    ###....
 Throw Icicle             Conj/Ice       ##......     19%         4    #####..
 Summon Ice Beast         Ice/Summ       #.......     32%         4    #####..


Dungeon Overview and Level Annotations

Branches:
Dungeon (7/15)             Temple (0/1) D:6

Altars:
Ashenzari
Dithmenos
Elyvilon
Gozag
Qazlal
Ru
Vehumet
Yredelemnul
Zin

Shops:
D:4 ?

Annotations:
D:2 1 runed translucent door, exclusion: door, Crazy Yiuf
D:7 3 runed translucent doors, Joseph; aidenn's ghost, novice HOMo


Message History

Aiming: Confuse (safe; 1% risk of failure)
Press: ? - help, Shift-Dir - straight line, f - Joseph
Aim: Joseph, wielding a +0 hunting sling and wearing a +0 ring mail (chance to defeat MR: 34%) Joseph easily resists.
Joseph shoots a sling bullet.
The sling bullet hits you!!
Casting: Confuse (safe; 1% risk of failure)
Confirm with . or Enter, or press ? or * to list all spells.
Aiming: Confuse (safe; 1% risk of failure)
Press: ? - help, Shift-Dir - straight line, f/p - Joseph
Aim: Joseph, wielding a +0 hunting sling and wearing a +0 ring mail (chance to defeat MR: 34%) Joseph appears confused.
Throwing (i - inventory. (/) - cycle)
o - 42 poisoned darts (quivered)
Press: ? - help, Shift-Dir - straight line, f/p - Joseph
Aim: Joseph, wielding a +0 hunting sling and wearing a +0 ring mail (confused)
You throw a poisoned dart. The poisoned dart hits Joseph.
Joseph is poisoned.
A scorpion comes into view.
Found a stormy altar of Qazlal.
Joseph gestures wildly.
You hit Joseph but do no damage.
Joseph is lightly wounded.
You hit Joseph but do no damage.
Joseph looks even sicker.
Joseph is lightly wounded.
Joseph unwields a +0 hunting sling.
Joseph wields a +0 quarterstaff.
Joseph hits you with a +0 quarterstaff.
Casting: Confuse (safe; 1% risk of failure)
Confirm with . or Enter, or press ? or * to list all spells.
Aiming: Ensorcelled Hibernation (safe; 1% risk of failure)
Press: ? - help, Shift-Dir - straight line, f - scorpion, p - Joseph
Aim: a scorpion (chance to defeat MR: 49%)
The scorpion resists with some effort.
The scorpion stings you.
Casting: Ensorcelled Hibernation (safe; 1% risk of failure)
Confirm with . or Enter, or press ? or * to list all spells.
Aiming: Ensorcelled Hibernation (safe; 1% risk of failure)
Press: ? - help, Shift-Dir - straight line, f/p - scorpion
Aim: a scorpion (chance to defeat MR: 49%)
The scorpion looks drowsy...
You are feeling hungry.
Joseph cries.
The helpless scorpion fails to defend itself.
You impale the scorpion!!
You kill the scorpion!
Vehumet accepts your kill.
You hit Joseph.
Joseph looks as sick as possible!
Joseph is lightly wounded.
You hit Joseph but do no damage.
Joseph looks as sick as possible!
Joseph is lightly wounded.
Found a robe.
You catch the helpless Joseph completely off-guard!
You puncture Joseph!
Joseph looks as sick as possible!
Joseph is heavily wounded.
Joseph asks, "Where am I?"
You hit Joseph but do no damage.
Joseph is heavily wounded.
Joseph hits you with a +0 quarterstaff!
You barely miss Joseph.
Joseph is heavily wounded.
You hit Joseph.
Joseph looks as sick as possible!
Joseph is heavily wounded.
Joseph seems less confused.
Joseph closely misses you.
You hit Joseph but do no damage.
Joseph looks as sick as possible!
Joseph is heavily wounded.
Joseph hits you with a +0 quarterstaff!
* * * LOW HITPOINT WARNING * * *
Casting: Ensorcelled Hibernation (safe; 1% risk of failure)
Confirm with . or Enter, or press ? or * to list all spells.
Aiming: Confuse (safe; 1% risk of failure)
Press: ? - help, Shift-Dir - straight line, f - Joseph
Aim: Joseph, wielding a +0 quarterstaff and wearing a +0 ring mail (heavily wounded, poisoned, chance to defeat MR: 34%) Joseph easily resists.
Joseph hits you with a +0 quarterstaff.
* * * LOW HITPOINT WARNING * * *
Casting: Confuse (safe; 1% risk of failure)
Confirm with . or Enter, or press ? or * to list all spells.
You don't have enough magic to cast that spell.
Unknown command.
You barely miss Joseph.
Joseph is severely wounded.
Evoke which item? (* to show all) (? for menu, Esc to quit)
Aiming: Cloud Cone
Press: ? - help, Dir - move target cursor, f/p - Joseph
Aim: Joseph, wielding a +0 quarterstaff and wearing a +0 ring mail (severely wounded, poisoned)
Okay, then.
Unknown command.
You hit Joseph but do no damage.
Joseph looks as sick as possible!
Joseph is severely wounded.
Joseph barely misses you.
You hit Joseph.
Joseph looks as sick as possible!
Joseph is severely wounded.
Joseph closely misses you.
You hit Joseph but do no damage.
Joseph looks as sick as possible!
Joseph is severely wounded.
You hit Joseph but do no damage.
Joseph looks as sick as possible!
Joseph is severely wounded.
Joseph hits you with a +0 quarterstaff.
* * * LOW HITPOINT WARNING * * *
Unknown command.
Unknown command.
You hit Joseph but do no damage.
Joseph looks as sick as possible!
Joseph is almost dead.
Joseph hits you with a +0 quarterstaff!
You die...

.......###.#.#.....##.....
...#.#. #.#.#.....##.....
##.#.###.#.......#######
...#.......#.....# #
.....%..(#.##+#### #
........##.# #######..#.#
#.....# #.@...# #.@_..#
#.......[# .......###
####....# #####


You could see Joseph.

Vanquished Creatures
  Pikel (D:4)
  Eustachio (D:6)
  Edmund (D:5)
  2 slaves
  A sky beast (D:5)
  4 ogres
  2 bullfrogs
  2 scorpions
  3 crimson imps
  A centaur zombie (D:5)
  2 hounds
  An orc priest (D:4)
  A jelly (D:7)
  2 bullfrog skeletons
  2 iguanas
  2 orc wizards
  Ijyb (D:2)
  4 worker ants
  A hound zombie (D:6)
  3 gnolls
  10 adders
  2 oozes
  An adder zombie (D:5)
  2 worms
  3 dart slugs (D:1)
  2 leopard geckos
  9 orcs
  A ball python (D:2)
  7 giant cockroaches
  14 hobgoblins
  7 jackals
  4 quokkas
  6 bats
  10 frilled lizards
  10 goblins
  7 kobolds
  A leopard gecko skeleton (D:4)
  A leopard gecko zombie (D:3)
  15 rats
149 creatures vanquished.

Vanquished Creatures (collateral kills)
  2 ogres (D:5)
2 creatures vanquished.

Vanquished Creatures (others)
  A dancing weapon (D:5)
  An orc warrior (D:6)
  An orc priest (D:6)
  An orc wizard (D:6)
4 creatures vanquished.

Grand Total: 155 creatures vanquished

Notes
Turn   | Place    | Note
-------+----------+-------------------------------------------
     0 | D:1      | MisterOstroum the Human Enchanter began the quest for the
                  | Orb.
     0 | D:1      | Reached XP level 1. HP: 13/13 MP: 3/3
   362 | D:1      | Reached XP level 2. HP: 12/19 MP: 5/5
   726 | D:1      | Learned a level 2 spell: Ensorcelled Hibernation
   753 | D:1      | Reached XP level 3. HP: 13/25 MP: 1/6
  1191 | D:1      | Reached skill level 1 in Fighting
  2041 | D:2      | Reached XP level 4. HP: 32/32 MP: 7/7
  2783 | D:2      | Reached XP level 5. HP: 33/38 MP: 8/8
  3553 | D:2      | Found a runed translucent door.
  3554 | D:2      | Noticed Crazy Yiuf
  3599 | D:3      | Noticed Ijyb
  3616 | D:2      | Killed Ijyb
  3616 | D:2      | Reached skill level 1 in Ice Magic
  3811 | D:3      | Found a radiant altar of Vehumet.
  3818 | D:3      | Became a worshipper of Vehumet
  3994 | D:3      | Found a faded altar of an unknown god.
  4011 | D:3      | Found a white marble altar of Elyvilon.
  4167 | D:3      | Learned a level 3 spell: Confuse
  4405 | D:3      | Found a shadowy altar of Dithmenos.
  4652 | D:4      | Reached XP level 6. HP: 43/44 MP: 9/9
  4701 | D:4      | Reached skill level 1 in Armour
  4720 | D:4      | Noticed an ogre
  4779 | D:3      | Killed an ogre
  5113 | D:4      | Noticed a slave
  5113 | D:4      | Noticed a slave
  5116 | D:4      | Noticed a slave
  5163 | D:4      | Noticed Pikel
  5165 | D:4      | Noticed a slave
  5183 | D:3      | Killed a slave
  5404 | D:4      | Killed a slave
  5477 | D:4      | Reached XP level 7. HP: 28/51 MP: 5/10
  5866 | D:4      | Killed Pikel
  5866 | D:4      | Reached XP level 8. HP: 34/61 MP: 11/11
  6040 | D:4      | Found Jeken's Magic Scroll Boutique.
  6223 | D:4      | Bought a scroll of identify for 22 gold pieces
  6223 | D:4      | Bought a scroll of identify for 22 gold pieces
  6223 | D:4      | Bought a scroll of magic mapping for 38 gold pieces
  6223 | D:4      | Bought a scroll of fear for 38 gold pieces
  6589 | D:4      | Found a basalt altar of Yredelemnul.
  6715 | D:5      | Entered Level 5 of the Dungeon
  6886 | D:4      | Learned a level 3 spell: Tukima's Dance
  6892 | D:4      | Learned a level 1 spell: Freeze
  7143 | D:5      | Reached * piety under Vehumet
  7143 | D:5      | Offered knowledge of Magic Dart by Vehumet.
  7146 | D:5      | Learned a level 1 spell: Magic Dart
  7202 | D:5      | Reached skill level 5 in Fighting
  7202 | D:5      | Reached skill level 5 in Short Blades
  7445 | D:5      | Noticed Edmund
  7470 | D:5      | Killed Edmund
  7470 | D:5      | Reached skill level 5 in Hexes
  7534 | D:5      | Reached XP level 9. HP: 63/68 MP: 3/12
  7701 | D:5      | Reached skill level 1 in Conjurations
  7895 | D:5      | Reached skill level 5 in Stealth
  8198 | D:5      | Found a glowing silver altar of Zin.
  8200 | D:5      | Found an opulent altar of Gozag.
  8203 | D:5      | Found a sacrificial altar of Ru.
  8318 | D:6      | Found a shattered altar of Ashenzari.
  8496 | D:6      | Noticed Eustachio
  8526 | D:6      | Killed Eustachio
  8609 | D:6      | Found a staircase to the Ecumenical Temple.
  9070 | D:6      | Got a crude long sword
  9632 | D:7      | Found a runed translucent gate.
  9633 | D:7      | Found a runed translucent gate.
  9633 | D:7      | Found a runed translucent gate.
  9640 | D:7      | Noticed aidenn's ghost (novice HOMo)
  9713 | D:7      | Noticed Joseph
  9717 | D:7      | Found a stormy altar of Qazlal.
  9739 | D:7      | Slain by Joseph

Levels and vault maps discovered:
D:1:      nicolae_arrival_somewhat_less_tricky_arrival, layout_basic,
          hangedman_feature_mirror, minmay_tetromino_s2
D:2:      layout_rooms, kennysheep_nondescript, roderic_roman_lattice,
          minmay_3d_cube, uniq_crazy_yiuf_cottage
D:3:      layout_rooms, nicolae_overflow_crystal_walls,
          nicolae_overflow_hidden_temple, lemuel_crystal_altar,
          chequers_ecumenical_altar_simple, uniq_ijyb
D:4:      layout_gridville, marbit_many_paths, first_ration, serial_shops, shop,
          uniq_pikel
D:5:      layout_cave_pods, grunt_temple_overflow_open, uniq_edmund
D:6:      layout_basic, minmay_temple_entry_hall, basic_altar, uniq_eustachio
D:7:      layout_basic, basic_altar, gammafunk_ghost_split, serial_shops, shop,
          grunt_livestock, uniq_joseph

Skill      XL: |  1  2  3  4  5  6  7  8  9 |
---------------+----------------------------+-----
Fighting       | 1 2 4 5 |  5.0
Short Blades   | 2 4 5 |  5.0
Ice Magic      | 1 3 4 |  4.0
Armour         | 3 |  3.2
Hexes          | 4 5 6 |  6.3
Stealth        | 4 6 |  6.0
Conjurations   | 2 |  2.5
Spellcasting   | 3 |  3.1
Throwing       | |  0.4
Dodging        | |  2.0

Action                   |  1- 3 |  4- 6 |  7- 9 || total
-------------------------+-------+-------+-------++-------
Melee: Dagger            |   137 |   138 |   230 ||   505
       Rapier            |       |       |    11 ||    11
Throw: Dart              |     4 |   128 |   142 ||   274
       Stone             |       |       |     8 ||     8
 Cast: Corona            |     7 |     3 |       ||    10
       Ensorcelled Hiber |    10 |    21 |    25 ||    56
       Confuse           |       |     2 |    15 ||    17
       Tukima's Dance    |       |       |     5 ||     5
  Use: Potion            |       |     5 |       ||     5
       Scroll            |       |     4 |     1 ||     5
 Stab: Sleeping          |    11 |    13 |    18 ||    42
       Confused          |       |       |     5 ||     5
       Distracted        |       |       |     1 ||     1
  Eat: Chunk             |     4 |    11 |    15 ||    30
       Ration            |       |       |     1 ||     1
Armor: Robe              |    30 |    25 |    11 ||    66
       Plate armour      |       |    20 |    64 ||    84
       Leather armour    |       |       |     3 ||     3
Dodge: Dodged            |    92 |    96 |    72 ||   260
Block: Large shield      |       |       |    45 ||    45

Table legend:
 A = Non-vault XP
 B = Vault XP
 C = Vault XP percentage of total XP
 D = Non-vault monster count
 E = Vault monster count
 F = Vault count percentage of total count
                 A         B        C        D         E       F
            +---------+---------+-------+---------+---------+-------
      Total |    2303 |    1148 |  33.3 |     135 |      17 |  11.2
            +---------+---------+-------+---------+---------+-------
        D:1 |      51 |      14 |  21.5 |      27 |       8 |  22.9
        D:2 |      97 |      59 |  37.8 |      32 |       5 |  13.5
        D:3 |     150 |       0 |   0.0 |      17 |       0 |   0.0
        D:4 |     419 |     706 |  62.8 |      23 |       2 |   8.0
        D:5 |     638 |     166 |  20.6 |      17 |       1 |   5.6
        D:6 |     644 |     203 |  24.0 |      13 |       1 |   7.1
        D:7 |     304 |       0 |   0.0 |       6 |       0 |   0.0
            +---------+---------+-------+---------+---------+-------
